Map: Catalyst LE

Players

Neeb - Winner!

  • Race: Protoss Protoss
  • Spawn Location: 5:00

Nerchio

  • Race: Zerg Zerg
  • Spawn Location: 11:00

Event: WCS Austin 2018

VOD

Have the link to the VOD?

Description

Time

  • Played on: June 1, 2018, 10:51 p.m.
  • Length: 14:13

All games in this series

Show
View Real Time Build Order
Export as new Build Order

Neeb Protoss - Winner!

Build Orders: 1 Gate Expand, Oracle Opening, Archon Immortal, Carriers, Zealot Archon 

Get SALT Encoding   

  12  0:00  Probe  
  13  0:12  Probe  
  14  0:17  Pylon  
  14  0:24  Probe  
  15  0:31  Assimilator  
  15  0:32  Probe  
  16  0:44  Gateway, Probe  
  17  0:56  Probe  
  18  1:08  Probe  
  19  1:20  Probe  
  20  1:27  Nexus  
  20  1:34  Cybernetics Core  
  20  1:37  Probe  
  21  1:42  Assimilator  
  21  1:49  Probe  
  21  1:52  Pylon  
  22  2:01  Probe  
  22  2:02  Adept  
  23  2:12  Warp Gate  
  23  2:13  Probe  
  26  2:20  Adept  
  26  2:23  Stargate  
  26  2:25  Probe  
  29  2:37  Probe  
  29  2:39  Probe  
  31  2:44  Adept  
  31  2:49  Probe  
  34  2:51  Probe  
  34  2:58  Oracle  
  35  3:02  Probe  
  35  3:04  Probe  
  37  3:10  Pylon  
  40  3:14  Probe  
  40  3:16  Probe  
  42  3:26  Probe  
  43  3:28  Probe  
  44  3:34  Adept  
  44  3:36  Gateway  
  44  3:38  Probe  
  44  3:48  Shield Battery  
  43  3:57  Probe  
  43  3:58  Probe  
  45  4:02  Twilight Council  
  45  4:03  Phoenix  
  45  4:04  Gateway  
  45  4:09  Probe  
  48  4:10  Assimilator, Probe  
  48  4:14  Pylon  
  49  4:18  Adept  
  49  4:21  Resonating Glaives  
  49  4:22  Probe  
  49  4:23  Probe  
  53  4:34  Probe  
  53  4:35  Probe  
  53  4:37  Adept  
  57  4:40  Adept  
  57  4:43  Pylon  
  59  4:46  Probe  
  59  4:47  Probe  
  59  4:50  Assimilator  
  61  4:56  Nexus  
  61  5:03  Adept x2  
  61  5:05  Adept  
  67  5:10  Probe  
  69  5:15  Robotics Facility  
  69  5:17  Pylon  
  68  5:25  Probe x2  
  68  5:27  Shield Battery  
  70  5:36  Adept x2  
  70  5:37  Adept, Probe x2  
  78  5:45  Assimilator  
  78  5:49  Assimilator, Templar Archives  
  78  5:51  Charge  
  78  5:53  Pylon  
  78  6:08  Probe x2  
  78  6:09  Immortal  
  78  6:10  Probe  
  79  6:17  Psionic Storm  
  79  6:20  Probe x2  
  79  6:22  Probe  
  82  6:31  High Templar x3  
  82  6:32  Probe x2  
  90  6:34  Probe  
  90  6:37  Gateway x2  
  90  6:39  Gateway, Immortal  
  91  6:44  Probe  
  91  6:45  Probe  
  89  6:47  Probe  
  82  6:56  Probe  
  82  6:58  Shield Battery  
  82  7:00  Shield Battery  
  83  7:04  Zealot, High Templar x2  
  83  7:06  Probe x2  
  83  7:07  Archon  
  83  7:08  Immortal  
  91  7:10  Pylon x2  
  91  7:19  Probe x2, Forge  
  91  7:21  Probe  
  98  7:31  High Templar, Pylon  
  100  7:38  Pylon  
  100  7:39  Gateway x2  
  100  7:40  High Templar x2  
  104  7:44  Pylon x2  
  104  7:45  Observer  
  105  7:51  Pylon  
  105  7:53  Protoss Ground Weapons Level 1, Photon Cannon  
  105  7:54  Photon Cannon  
  105  7:56  Pylon  
  105  7:58  Immortal  
  105  8:05  Pylon  
  105  8:10  Nexus  
  109  8:16  Zealot x2, High Templar x2  
  117  8:20  Archon  
  117  8:23  Probe, Pylon  
  117  8:24  Probe  
  117  8:25  Probe  
  120  8:30  Zealot x2  
  120  8:33  Immortal, Photon Cannon  
  124  8:40  High Templar x2  
  128  8:42  Photon Cannon  
  128  8:45  Shield Battery  
  128  8:46  Archon  
  132  8:53  Probe x2  
  132  8:54  High Templar  
  132  8:55  Assimilator, High Templar  
  136  8:56  Zealot  
  136  8:57  Assimilator  
  136  9:00  Zealot  
  136  9:01  Zealot, Archon  
  144  9:04  Immortal  
  144  9:08  Probe x2  
  144  9:09  Pylon, Probe  
  151  9:24  Zealot x5  
  161  9:40  Protoss Air Weapons Level 1  
  161  9:44  Photon Cannon  
  161  9:49  Photon Cannon  
  161  9:50  Immortal  
  159  10:00  Fleet Beacon  
  159  10:04  Stargate, Probe x2  
  159  10:05  Stargate, Probe  
  159  10:06  Nexus  
  150  10:07  Pylon  
  140  10:21  Pylon  
  140  10:24  High Templar x6  
  152  10:30  Archon x3, Carrier  
  152  10:32  Photon Cannon  
  152  10:34  Carrier  
  152  10:35  Photon Cannon  
  152  10:37  Photon Cannon  
  152  10:39  Shield Battery  
  152  10:41  Shield Battery  
  152  10:43  Assimilator  
  152  10:47  Assimilator  
  158  10:51  Carrier  
  170  11:05  Zealot x2  
  170  11:06  Zealot x4  
  170  11:08  Protoss Air Weapons Level 2  
  182  11:12  Zealot x2  
  166  11:38  Probe  
  142  11:40  Probe  
  142  11:41  Carrier, Probe  
  142  11:42  Probe  
  142  11:43  Probe  
  142  11:50  Probe  
  142  11:51  Zealot, High Templar x4  
  142  11:52  Zealot x3  
  142  11:53  Probe x2  
  161  11:54  Probe  
  161  11:55  Carrier, Probe  
  161  11:58  Archon  
  161  11:59  Archon  
  169  12:02  Probe  
  169  12:05  Probe x2  
  171  12:16  Graviton Catapult  
  171  12:17  Probe  
  171  12:19  Shield Battery  
  171  12:23  Shield Battery  
  171  12:28  Carrier  
  171  12:31  Probe x3  
  171  12:32  Probe  
  178  12:52  Zealot x2  
  178  12:56  Zealot  
  162  13:06  Probe x2  
  162  13:07  Probe x2  
  166  13:13  Probe  
  166  13:14  Zealot  
  166  13:15  Zealot  
  166  13:18  Probe x2  
  167  13:23  Archon  
  167  13:26  Probe  
  158  13:32  Zealot x3  
  158  13:39  High Templar x5  
  161  13:55  Pylon  
  161  13:56  High Templar x3  
  161  14:00  Archon x2  
  145  14:11  Zealot x5  
Show
View Real Time Build Order
Export as new Build Order

Nerchio Zerg 

Build Orders: Hatch First 

Get SALT Encoding   

  12  0:01  Drone  
  13  0:12  Overlord  
  13  0:17  Drone  
  14  0:31  Drone x2  
  16  0:49  Hatchery  
  15  0:52  Drone  
  15  0:55  Drone  
  17  0:59  Drone  
  18  1:07  Extractor  
  17  1:15  Spawning Pool  
  17  1:18  Drone  
  17  1:22  Drone  
  18  1:28  Drone  
  19  1:38  Overlord  
  19  1:49  Drone  
  20  2:01  Queen  
  20  2:02  Zergling x2  
  20  2:03  Queen  
  20  2:07  Metabolic Boost  
  25  2:10  Zergling x2  
  25  2:14  Zergling x2  
  27  2:18  Drone  
  27  2:22  Drone  
  29  2:25  Drone  
  30  2:32  Drone  
  31  2:42  Hatchery  
  30  2:45  Drone  
  31  2:51  Zergling x4  
  31  2:55  Zergling x4  
  35  3:04  Overlord  
  35  3:13  Drone  
  35  3:16  Overlord  
  35  3:22  Queen  
  35  3:24  Drone x2  
  35  3:25  Drone x3  
  42  3:27  Drone  
  42  3:32  Drone  
  41  3:35  Spore Crawler  
  41  3:37  Drone  
  40  3:44  Drone  
  40  3:47  Drone x3  
  44  3:52  Queen  
  45  3:56  Drone  
  45  3:57  Drone  
  45  3:58  Drone  
  46  4:03  Spore Crawler  
  46  4:04  Drone  
  46  4:05  Drone  
  46  4:09  Lair  
  47  4:11  Drone  
  47  4:16  Spore Crawler, Drone x2  
  49  4:19  Drone  
  50  4:26  Drone x2  
  50  4:27  Drone x2  
  50  4:28  Overlord  
  50  4:29  Drone  
  54  4:32  Drone x2  
  54  4:35  Overlord  
  56  4:38  Drone  
  56  4:39  Extractor x2  
  56  4:40  Drone  
  56  4:43  Overlord  
  56  4:48  Overlord  
  56  4:50  Drone  
  56  4:51  Extractor  
  56  4:53  Drone  
  56  4:58  Drone  
  58  5:01  Drone  
  58  5:03  Drone  
  58  5:05  Drone x3  
  58  5:06  Drone x2  
  65  5:07  Drone  
  65  5:08  Hydralisk Den  
  64  5:14  Drone x2  
  64  5:15  Drone x2  
  64  5:16  Overlord  
  68  5:21  Baneling Nest  
  68  5:25  Hydralisk Den  
  68  5:26  Zergling x2  
  68  5:27  Zergling x4  
  69  5:30  Queen  
  69  5:33  Zergling x2  
  69  5:34  Zergling x4  
  74  5:36  Zergling x4  
  74  5:37  Zergling x2  
  74  5:38  Zergling x2  
  74  5:40  Zergling x2  
  74  5:42  Muscular Augments  
  79  5:46  Hydralisk  
  79  5:48  Hydralisk x2  
  85  5:52  Hydralisk  
  87  5:57  Overlord  
  87  5:58  Hydralisk  
  87  6:03  Overlord  
  89  6:09  Hydralisk  
  89  6:10  Hydralisk  
  89  6:11  Hydralisk  
  74  6:19  Zergling x4  
  74  6:22  Queen, Zergling x2  
  74  6:26  Zergling x2  
  74  6:28  Zergling x2  
  74  6:30  Zergling x2  
  77  6:33  Zergling x4  
  79  6:42  Drone  
  79  6:43  Drone x4  
  73  6:47  Drone  
  73  6:53  Drone  
  73  6:54  Drone x2  
  74  6:56  Drone  
  74  6:58  Drone  
  74  7:00  Drone  
  77  7:05  Drone x2  
  77  7:08  Drone  
  79  7:16  Grooved Spines, Drone x3  
  79  7:22  Drone  
  83  7:23  Drone x2  
  85  7:31  Drone  
  85  7:32  Drone  
  85  7:33  Drone  
  85  7:34  Hatchery  
  85  7:35  Drone  
  85  7:36  Drone  
  89  7:38  Drone x2  
  89  7:40  Drone  
  89  7:41  Drone  
  89  7:43  Extractor  
  92  7:45  Overseer, Extractor  
  92  7:48  Overlord  
  92  7:50  Drone  
  92  7:51  Evolution Chamber, Drone  
  92  7:52  Drone  
  92  7:53  Drone  
  92  7:54  Drone  
  92  7:56  Overlord  
  95  7:59  Hydralisk  
  95  8:01  Hydralisk  
  95  8:03  Hydralisk  
  101  8:07  Hydralisk  
  101  8:08  Hydralisk  
  101  8:11  Hydralisk  
  107  8:14  Hydralisk  
  107  8:16  Hydralisk  
  111  8:20  Hydralisk  
  111  8:22  Hydralisk  
  111  8:24  Overlord  
  111  8:25  Overlord  
  115  8:28  Overlord  
  115  8:29  Hydralisk  
  115  8:32  Hydralisk  
  119  8:35  Zerg Melee Weapons Level 1  
  119  8:38  Overlord  
  119  8:40  Hydralisk  
  121  8:45  Hydralisk x2  
  121  8:46  Hydralisk  
  127  8:53  Evolution Chamber, Drone x6  
  127  8:54  Drone  
  133  8:56  Drone  
  133  8:58  Drone  
  133  8:59  Drone x2  
  133  9:00  Drone  
  138  9:04  Evolution Chamber  
  138  9:08  Baneling  
  138  9:09  Baneling x8  
  137  9:16  Overlord  
  137  9:22  Zerg Missile Weapons Level 1  
  137  9:23  Hydralisk  
  139  9:24  Infestation Pit  
  139  9:25  Pneumatized Carapace  
  139  9:28  Centrifical Hooks  
  139  9:29  Zergling x2  
  139  9:30  Zergling x12  
  145  9:34  Hydralisk x2  
  145  9:37  Hydralisk  
  145  9:38  Hydralisk  
  153  9:41  Hydralisk  
  153  9:42  Hydralisk  
  153  9:45  Zergling x8  
  161  9:49  Zergling x8  
  161  9:50  Zergling x2  
  161  9:51  Zergling x2  
  162  9:54  Zergling x8  
  162  9:57  Baneling x5  
  162  9:58  Baneling  
  160  10:01  Hydralisk x2  
  160  10:03  Zergling x2  
  160  10:04  Zergling x4  
  161  10:10  Baneling x13  
  161  10:11  Baneling, Zergling x2  
  161  10:12  Zergling x2  
  161  10:21  Zergling x2  
  161  10:22  Zergling x4  
  161  10:23  Zergling x2  
  165  10:29  Overlord  
  165  10:31  Hatchery  
  165  10:34  Hydralisk x2  
  168  10:36  Infestation Pit  
  168  10:37  Overlord x3  
  167  10:47  Queen  
  169  10:52  Overlord  
  169  10:57  Zergling x14  
  169  10:58  Zergling x16  
  169  11:02  Zergling x2  
  169  11:03  Zergling x2  
  186  11:11  Zerg Melee Weapons Level 2  
  186  11:12  Zerg Ground Armor Level 1  
  186  11:16  Spire  
  177  11:19  Hydralisk x5  
  177  11:22  Hydralisk  
  179  11:29  Hydralisk x3  
  179  11:30  Hydralisk  
  173  11:34  Hydralisk  
  173  11:35  Hydralisk x2  
  173  11:37  Hydralisk  
  173  11:39  Hydralisk  
  165  11:41  Hydralisk  
  165  11:42  Hydralisk  
  159  11:47  Hydralisk x2  
  159  11:49  Hydralisk  
  159  11:51  Hydralisk  
  165  11:56  Hydralisk  
  165  11:57  Hydralisk  
  165  12:00  Hydralisk  
  171  12:03  Zergling x2  
  171  12:04  Zergling x12  
  171  12:07  Overlord  
  176  12:14  Hydralisk  
  176  12:15  Hydralisk x4  
  172  12:17  Zergling x4  
  172  12:19  Zergling x2  
  172  12:20  Zergling x2  
  177  12:24  Hive  
  177  12:25  Zergling x4  
  177  12:28  Zergling x6  
  180  12:30  Zergling x4  
  180  12:32  Zergling x2  
  180  12:33  Zergling x4  
  180  12:37  Baneling x4, Zergling x2  
  185  12:38  Zergling x4  
  185  12:40  Zergling x4  
  190  12:45  Zergling x2  
  190  12:48  Baneling x12  
  189  12:58  Hydralisk x3  
  181  13:00  Hydralisk  
  181  13:04  Baneling x2  
  180  13:07  Zergling x16  
  180  13:10  Zergling x6  
  190  13:13  Overlord  
  184  13:20  Hydralisk x5  
  184  13:26  Hydralisk x2  
  172  13:34  Hydralisk  
  172  13:35  Hydralisk x2  
  172  13:38  Hydralisk  
  172  13:41  Hydralisk  
  168  13:44  Zergling x14  
  168  13:46  Hydralisk x2  
Tags
 
Add a new tag
Caveats
  • Supply blocks, unpowered buildings, or Contaminate may cause inaccurate times.
  • Supply counts are checked every 10 seconds.